 Dungeon Crawl Stone Soup version 0.29.1-1-gd02db6906a (webtiles) character file.

Game seed: 13235720275788018302

150 cdecastro the Chiller (level 5, -2/26 (28) HPs)
             Began as a Deep Elf Ice Elementalist on Oct 7, 2022.
             Killed by nerve-wracking pain
             ... invoked by an orc priest
              (12 damage)
             ... on level 3 of the Dungeon on Oct 10, 2022.
             The game lasted 00:07:56 (3268 turns).

cdecastro the Chiller (Deep Elf Ice Elementalist)   Turns: 3268, Time: 00:07:56

HP:   -2/26 (28)    AC:  2    Str:  5    XL:     5   Next: 10%
MP:   9/11          EV: 13    Int: 22    God:
Gold: 191           SH:  0    Dex: 21    Spells: 3/10 levels left

rFire   + . .      SeeInvis .   n - +2 dagger (elec)
rCold   . . .      Faith    .   (no shield)
rNeg    . . .      Spirit   .   a - +0 robe
rPois   .          Reflect  .   (no helmet)
rElec   .          Harm     .   (no cloak)
rCorr   .          Rampage  .   (no gloves)
Will    .....                   (no boots)
Stlth   ++........              (no amulet)
HPRegen 0.08/turn               e - ring of protection from fire
MPRegen 0.12/turn               j - +6 ring of dexterity

@: drained
A: no striking features
a: no special abilities


You were on level 3 of the Dungeon.
You visited 1 branch of the dungeon, and saw 3 of its levels.

You collected 191 gold pieces.

Inventory:

Hand Weapons
 n - a +2 dagger of electrocution (weapon)
Missiles
 d - 37 stones
Armour
 a - a +0 robe (worn)
Jewellery
 e - a ring of protection from fire (left hand)
 j - a +6 ring of dexterity (right hand)
 s - an amulet of regeneration
Scrolls
 c - a scroll of noise {unknown}
 g - a scroll of butterflies {unknown}
 i - 2 scrolls of identify {unknown}
 m - a scroll of magic mapping {unknown}
 o - a scroll of blinking {unknown}
 q - a scroll of fear {unknown}
Potions
 b - 2 potions of magic
 f - a potion of brilliance {unknown}
 h - a potion of flight {unknown}
 k - a potion of attraction {unknown}
 l - a potion of cancellation {unknown}
 p - 2 potions of heal wounds {unknown}
 r - a potion of resistance {unknown}


   Skills:
 - Level 2.4 Dodging
 - Level 2.4 Stealth
 + Level 3.3 Spellcasting
 - Level 7.0 Ice Magic


You had 3 spell levels left.
You knew the following spells:

 Your Spells              Type           Power      Damage    Failure   Level
a - Freeze                Ice            100%       1d11      1%          1
b - Frozen Ramparts       Ice            68%        1d11      1%          3
c - Ozocubu's Armour      Ice            34%        N/A       1%          3

Your spell library contained the following spells:

 Spells                   Type           Power      Damage    Failure   Level
 Hailstorm                Conj/Ice       19%        3d6       28%         4


Dungeon Overview and Level Annotations

Branches:
Dungeon (3/15)

Altars:
Hepliaklqana


Message History

Found a cyan potion.
You see here a hobgoblin corpse.
Aiming: Freeze (safe; 1% risk of failure)
Press: ? - help, Q - select action, (/) - cycle Shift-Dir - straight line, f - orc
Aim: an orc, wielding a +3 flail, wearing a +0 leather armour and wearing an amulet of regeneration You freeze the orc.
The orc is severely wounded.
The orc misses you.
Aiming: Freeze (safe; 1% risk of failure)
Press: ? - help, Q - select action, (/) - cycle Shift-Dir - straight line, f/p - orc
Aim: an orc, wielding a +3 flail, wearing a +0 leather armour and wearing an amulet of regeneration (severely wounded)
You freeze the orc.
You kill the orc!
s - an amulet of regeneration
Things that are here:
a +3 flail; a +0 leather armour Magic restored.
The orc priest shouts!
The orc priest casts a cantrip, but nothing happens.
Things that are here:
a +3 flail; a +0 leather armour The orc priest hits you with a +1 flail of draining!
You feel drained.
Aiming: Freeze (safe; 1% risk of failure)
Press: ? - help, Q - select action, (/) - cycle Shift-Dir - straight line, f - orc priest
Aim: an orc priest, wielding a +1 flail of draining You freeze the orc priest!
The orc priest is severely wounded.
The orc priest hits you with a +1 flail of draining.
* * * LOW HITPOINT WARNING * * *
You feel drained.
* * * LOW HITPOINT WARNING * * *
Aiming: Freeze (safe; 1% risk of failure)
Press: ? - help, Q - select action, (/) - cycle Shift-Dir - straight line, f/p - orc priest
Aim: an orc priest, wielding a +1 flail of draining (severely wounded)
You freeze the orc priest.
The orc priest is almost dead.
The orc priest mumbles some strange prayers to Beogh against you.
Pain shoots through your body!
You die...

......###....#..................#
..........o....#..........###....
........#.#....#.##..####.# #....
..#####.#.........#..# #.###....
..+ . ###.......#..# #.......#
..#### #.#####.#.)############
...... #.#. #)#.............#
...... #.#.###o#......######.#
##.... ##.#...@........# ##'#
.... #...............# #... ...
#..##...####....#####... ..
##............#####......
#.......#########........
#.......##†.............. ##
#.....#.##..............# .#
#######.#.##..............# .+
.........#.##...............


You could see an orc priest.

Vanquished Creatures
  A hound (D:3)
  4 gnolls (D:3)
  2 dart slugs (D:1)
  2 orcs (D:3)
  7 endoplasms
  3 giant cockroaches
  5 goblins
  6 hobgoblins
  6 quokkas
  5 ball pythons
  7 bats
  4 frilled lizards
  3 kobolds (D:1)
  24 rats
  A spectral hobgoblin (D:1)
80 creatures vanquished.

Notes
Turn   | Place    | Note
-------+----------+-------------------------------------------
     0 | D:1      | cdecastro the Deep Elf Ice Elementalist began the quest for
                  | the Orb.
     0 | D:1      | Reached XP level 1. HP: 10/10 MP: 6/6
   198 | D:1      | Reached XP level 2. HP: 10/15 MP: 6/8
   327 | D:1      | Reached skill level 5 in Ice Magic
   730 | D:1      | Reached XP level 3. HP: 15/19 MP: 5/9
   831 | D:1      | Found a faded altar of an unknown god.
   946 | D:1      | Learned a level 3 spell: Frozen Ramparts
   950 | D:1      | Learned a level 3 spell: Ozocubu's Armour
  1858 | D:2      | Reached skill level 6 in Ice Magic
  2414 | D:3      | Reached XP level 4. HP: 24/24 MP: 6/10
  2544 | D:3      | Reached skill level 7 in Ice Magic
  2544 | D:3      | Reached XP level 5. HP: 20/28 MP: 7/11
  3149 | D:3      | Found a faded altar of an unknown god.
  3149 | D:3      | Found a faded altar of an unknown god.
  3151 | D:3      | Found a hazy altar of Hepliaklqana.
  3268 | D:3      | Killed from afar by an orc priest

Illustrated notes

Levels and vault maps discovered:
D:1:      dpeg_arrival_tiny_g, layout_rooms,
          dreamdust_ecumenical_altar_drowned_temple, minmay_unequal
D:2:      layout_loops_ring, minmay_rat_hole
D:3:      layout_basic, nicolae_hepliaklqana_ecumenical_no_more, nrook_campfire,
          small_statue_alley_b

Skill      XL: |  1  2  3  4 |
---------------+-------------+-----
Ice Magic      | 5 6 7 |  7.0
Dodging        | |  2.4
Stealth        | |  2.4
Spellcasting   | |  3.3

Action                   |  1- 3 |  4- 6 || total
-------------------------+-------+-------++-------
Melee: Whip              |     4 |       ||     4
       Dagger            |    29 |    24 ||    53
 Cast: Freeze            |    58 |     5 ||    63
       Frozen Ramparts   |     3 |     1 ||     4
 Stab: Sleeping          |     7 |     2 ||     9
Armor: Robe              |    16 |     5 ||    21
Dodge: Dodged            |    55 |    19 ||    74
